 Dungeon Crawl Stone Soup version 0.31-a0-1-g4198be8af4 (webtiles) character file.

Game seed: 16041930541954840882

52 subawu the Insei (level 3, 0/28 HPs)
             Began as a Gnoll Transmuter on May 1, 2023.
             Slain by a hobgoblin (3 damage)
             ... on level 2 of the Dungeon.
             The game lasted 00:11:33 (1835 turns).

subawu the Insei (Gnoll Transmuter)                 Turns: 1835, Time: 00:11:33

Health: 0/28       AC:  9    Str: 11    XL:     3   Next: 85%
Magic:  9/9        EV:  6    Int: 12    God:
Gold:   60         SH:  0    Dex: 12    Spells: 11/12 levels left

rFire   . .          .
                       - Unarmed
rCold   . . .        (no shield)
rNeg    . . .        c - +1 chain mail
rPois   .            (no helmet)
rElec   .            (no cloak)
rCorr   .            (no gloves)
SInv    .            (no boots)
Will    .....        (no amulet) Stlth
                     (no ring)
HPRegen 0.24/turn    (no ring)
MPRegen 0.11/turn

%: no passive effects
@: no status effects
A: fangs 1, strong nose, distributed training
a: no special abilities


You were on level 2 of the Dungeon.
You visited 1 branch of the dungeon, and saw 2 of its levels.

You collected 60 gold pieces.

Inventory:

Hand Weapons
 e - a +0 dagger
 h - a +0 dagger
 k - a +0 whip
 l - a +0 dagger
 m - a +0 club
 p - a +0 club
 r - a +0 hand axe
Missiles
 i - 15 stones
Armour
 a - a +0 robe
 c - a +1 chain mail (worn)
 d - a +0 robe
 n - a +0 robe
 o - a +0 cloak
 q - a +0 robe
Jewellery
 j - a ring of magical power
Scrolls
 f - 3 scrolls of identify
 g - a scroll of amnesia
Potions
 b - a potion of lignification


   Skills:
 + Level 2.7 Fighting
 + Level 1.0 Short Blades
 + Level 1.0 Long Blades
 + Level 1.0 Axes
 + Level 1.0 Maces & Flails
 + Level 1.0 Polearms
 + Level 1.0 Staves
 + Level 1.0 Ranged Weapons
 + Level 1.0 Throwing
 + Level 1.0 Armour
 + Level 4.6 Dodging
 + Level 1.0 Stealth
 + Level 1.0 Shields
 + Level 6.5 Unarmed Combat
 + Level 5.0 Spellcasting
 + Level 0.7 Conjurations
 + Level 0.7 Hexes
 + Level 0.7 Summonings
 + Level 0.7 Necromancy
 + Level 0.7 Translocations
 + Level 3.8 Transmutations
 + Level 0.7 Fire Magic
 + Level 0.7 Ice Magic
 + Level 0.7 Air Magic
 + Level 0.7 Earth Magic
 + Level 0.7 Poison Magic
 + Level 1.1 Invocations
 + Level 1.0 Evocations


You had 11 spell levels left.
You knew the following spells:

 Your Spells              Type           Power      Damage    Failure   Level
a - Beastly Appendage     Tmut           24%        N/A       80%         1

Your spell library contained the following spells:

 Spells                   Type           Power      Damage    Failure   Level
 Wereblood                Tmut           12%        N/A       91%         2
 Spider Form              Tmut/Pois      8%         N/A       100%        3
 Ice Form                 Ice/Tmut       8%         N/A       100%        4


Dungeon Overview and Level Annotations

Branches:
Dungeon (2/15)

Altars:

Shops:
D:2 [

Annotations:
D:2 Terence


Innate Abilities, Weirdness & Mutations

You have very sharp teeth.
Your uncanny sense of smell can sniff out nearby items.
Your experience applies equally to all skills.


Message History

Nothing appears to happen.
Terence the Incautious comes into view.
He is wielding a +0 trident and carrying a wand of flame (14).
Terence shouts!
Terence zaps a wand.
The puff of flame hits you.
The hobgoblin hits you but does no damage.
The hobgoblin closely misses you.
Terence zaps a wand.
The puff of flame hits you.
Terence bares his teeth.
The hobgoblin completely misses you. The hobgoblin hits you.
You barely miss the hobgoblin. Your punch misses the hobgoblin.
You bite the hobgoblin, but do no damage.
The hobgoblin hits you but does no damage.
You completely miss the hobgoblin.
The hobgoblin hits you but does no damage.
Terence zaps a wand.
The puff of flame hits you!
Your magical contamination has completely faded away.
You barely miss the hobgoblin. The hobgoblin barely misses you.
You hit the hobgoblin.
The hobgoblin is heavily wounded.
Terence hits you from afar with a +0 trident!
* * * LOW HITPOINT WARNING * * *
The hobgoblin hits you but does no damage.
You hit the hobgoblin but do no damage.
The hobgoblin is heavily wounded.
The hobgoblin closely misses you.
Terence zaps a wand.
The puff of flame hits you.
* * * LOW HITPOINT WARNING * * *
You barely miss the hobgoblin.
The hobgoblin is heavily wounded.
The hobgoblin barely misses you. The hobgoblin attacks as you move away!
The hobgoblin hits you but does no damage.
The hobgoblin attacks as you move away!
The hobgoblin hits you but does no damage.
The hobgoblin barely misses you. Terence barely misses you.
Terence zaps a wand.
The puff of flame hits you but does no damage.
The hobgoblin attacks as you move away! The hobgoblin hits you.
You die...

#.............#..∩...
###...........#......
#...........#......
#...........#......
#..................
#@.................
#..................
#.g.........#......
#.@................
#.......................
#......#########......#.
#......# #......#.
#......# #......#.
####... #......#. #...
#......#. #... #......##


You could see Terence and a hobgoblin.

Vanquished Creatures
  An adder (D:2)
  A dart slug (D:1)
  3 bats (D:1)
  4 endoplasms
  A giant cockroach (D:1)
  4 goblins
  6 hobgoblins
  3 jackals (D:1)
  A quokka (D:1)
  3 ball pythons (D:1)
  2 frilled lizards (D:1)
  2 kobolds
  6 rats (D:1)
37 creatures vanquished.

Notes
Turn   | Place    | Note
-------+----------+-------------------------------------------
     0 | D:1      | subawu the Gnoll Transmuter began the quest for the Orb.
     0 | D:1      | Reached XP level 1. HP: 17/17 MP: 6/6
    63 | D:1      | Reached XP level 2. HP: 23/23 MP: 7/7
   666 | D:1      | Reached skill level 5 in Spellcasting
   666 | D:1      | Reached XP level 3. HP: 26/28 MP: 7/9
   789 | D:1      | Found a faded altar of an unknown god.
  1130 | D:1      | Reached skill level 1 in Invocations
  1737 | D:2      | Found Keckes Ezack's Antique Armour Shop.
  1756 | D:2      | Reached skill level 1 in Short Blades
  1756 | D:2      | Reached skill level 1 in Long Blades
  1756 | D:2      | Reached skill level 1 in Axes
  1756 | D:2      | Reached skill level 1 in Maces & Flails
  1756 | D:2      | Reached skill level 1 in Polearms
  1756 | D:2      | Reached skill level 1 in Staves
  1756 | D:2      | Reached skill level 1 in Ranged Weapons
  1756 | D:2      | Reached skill level 1 in Throwing
  1756 | D:2      | Reached skill level 1 in Armour
  1756 | D:2      | Reached skill level 1 in Stealth
  1756 | D:2      | Reached skill level 1 in Shields
  1756 | D:2      | Reached skill level 1 in Evocations
  1815 | D:2      | Noticed Terence
  1823 | D:2      | HP: 1/28 [Terence/+0 trident (8)]
  1835 | D:2      | Slain by a hobgoblin

Illustrated notes

Levels and vault maps discovered:
D:1:      matt_arrival_diagonals, layout_loops_ring,
          shapermc_ecumenical_altar_venn, minivault_26
D:2:      layout_basic, serial_shops, shop, minmay_crystal_water, uniq_terence

Skill      XL: |  1  2  3 |
---------------+----------+-----
Spellcasting   | 5 |  5.0
Invocations    | 1 |  1.1
Short Blades   | 1 |  1.0
Long Blades    | 1 |  1.0
Axes           | 1 |  1.0
Maces & Flails | 1 |  1.0
Polearms       | 1 |  1.0
Staves         | 1 |  1.0
Ranged Weapons | 1 |  1.0
Throwing       | 1 |  1.0
Armour         | 1 |  1.0
Stealth        | 1 |  1.0
Shields        | 1 |  1.0
Evocations     | 1 |  1.0
Fighting       | |  2.7
Dodging        | |  4.6
Unarmed Combat | |  6.5
Conjurations   | |  0.7
Hexes          | |  0.7
Summonings     | |  0.7
Necromancy     | |  0.7
Translocations | |  0.7
Transmutations | |  3.8
Fire Magic     | |  0.7
Ice Magic      | |  0.7
Air Magic      | |  0.7
Earth Magic    | |  0.7
Poison Magic   | |  0.7

Action                     || total
---------------------------++-------
  Melee: Unarmed           ||    90
         Headbutt          ||     4
         Bite              ||     5
         Kick              ||     1
         Punch             ||     1
   Cast: Beastly Appendage ||     6
    Use: Scroll            ||     4
         Potion            ||     2
   Stab: Sleeping          ||     1
 Armour: Robe              ||    15
         Chain mail        ||    30
  Dodge: Dodged            ||    82

Table legend: (Time is in decaauts)
 A = Elapsed time spent in this place.
 B = Non-inter-level travel time spent in this place.
 C = Inter-level travel time spent in this place.
 D = Time resting spent in this place.
 E = Time spent auto-exploring this place.
 F = Levels seen in this place.
 G = Mean time per level.
                   A        B        C        D        E       F      G
               +--------+--------+--------+--------+--------+-----+--------+
         Total |   1803 |   1495 |    308 |    460 |      0 |   2 |  901.5 |
       Dungeon |   1803 |   1495 |    308 |    460 |      0 |   2 |  901.5 |
               +--------+--------+--------+--------+--------+-----+--------+

Top non-repeatable levels by time:
     D:1: 1384 daAuts
     D:2: 419 daAuts
